 Dungeon Crawl Stone Soup version 0.31.0-1-g2c135a008e (webtiles) character file.

Game seed: 3899413092951496941

126 qw the Shooter (level 5, -1/40 HPs)
             Began as a Djinni Hunter on Jan 23, 2024.
             Slain by Grinder (3 damage)
             ... on level 3 of the Dungeon.
             The game lasted 00:00:09 (2484 turns).

qw the Shooter (Djinni Hunter)                      Turns: 2484, Time: 00:00:09

Health: -1/40      AC:  8    Str: 10    XL:     5   Next: 31%
Gold:   127        EV: 11    Int: 10    God:
                   SH:  0    Dex: 19

rFire   + + .        a - +0 shortbow
rCold   x . .        (shield currently unavailable)
rNeg    . . .        f - +0 ring mail
rPois   inf          (no helmet)
rElec   .            (no cloak)
rCorr   .            l - +2 pair of gloves
SInv    .            (boots unavailable)
Will    .....        (no amulet)
Stlth   +            (no ring)
HPRegen 0.26/turn    (no ring)
MPRegen 0.00/turn

%: infuse magic (-2 HP)
@: flying
A: sickness immunity, fire resistance 2, cold vulnerability 1, float, innate
caster, HP casting, extra vitality 1
a: no special abilities


You were on level 3 of the Dungeon.
You visited 1 branch of the dungeon, and saw 3 of its levels.

You collected 127 gold pieces.


Innate Abilities, Weirdness & Mutations

You are immune to sickness and miasma.
You are immune to poison.
Your flesh is very heat resistant. (rF++)
You are vulnerable to cold. (rC-)
You float through the air rather than walking.
You learn spells naturally, not from books.
Your magical power is your life essence.
You have superior vitality. (+4 MHP)


   Skills:
 - Level 3.0 Fighting
 + Level 4.3 Ranged Weapons
 - Level 1.2 Armour
 - Level 3.0 Dodging
 - Level 0.7 Stealth


You knew the following spells:

 Your Spells              Type           Power      Damage    Failure   Level
a - Freeze                Ice            0%         1d3       67%         1
b - Mercury Vapours       Alch/Air       0%         N/A       82%         2
Your spell library was empty.

Inventory:

Hand Weapons
 a - a +0 shortbow (weapon)
Armour
 f - a +0 ring mail (worn)
 l - a +2 pair of gloves (worn)
Scrolls
 e - 2 scrolls of teleportation
Potions
 d - a potion of curing
 i - a potion of resistance {unknown}
 j - a potion of enlightenment

Dungeon Overview and Level Annotations

Branches:
Dungeon (3/15)

Altars:
Cheibriados

Annotations:
D:3 Grinder


Message History

You shoot an arrow. The arrow hits the adder!
The adder is severely wounded.
You shoot an arrow. The arrow hits the adder!
You kill the adder!
Grinder comes into view.
Your Armour skill increases to level 1!
You shoot an arrow.
Grinder shouts!
The arrow hits Grinder but does no damage.
You shoot an arrow.
The arrow hits Grinder but does no damage.
Grinder blinks!
You shoot an arrow. The arrow barely misses the ice beast.
2477 ||| RETREEEEATING.
You shoot an arrow. The arrow hits Grinder!
Grinder is moderately wounded.
Grinder blinks!
You shoot an arrow. The arrow hits Grinder.
Grinder is moderately wounded.
Grinder barely misses you. Grinder hits you but does no damage.
You shoot an arrow. The arrow hits Grinder!
Grinder is heavily wounded.
Grinder gestures at you.
You struggle to resist.
You shoot an arrow. The arrow closely misses Grinder.
The ice beast closely misses you. Grinder hits you but does no damage.
You shoot an arrow. The arrow closely misses Grinder.
The ice beast hits you. The ice beast freezes you!
You feel a terrible chill! Grinder hits you but does no damage.
The ice beast hits you but does no damage.
Grinder hits you.
You writhe in agony.
You shoot an arrow. The arrow hits Grinder!
Grinder is severely wounded.
The ice beast closely misses you. Grinder misses you.
You shoot an arrow. The arrow hits Grinder.
Grinder is severely wounded.
The ice beast hits you. The ice beast freezes you!!
You feel a terrible chill! Grinder hits you.
You die...
Grinder says, "Now the real fun starts!"

....... .....
....# ....#
#...####.
#%....... #.....#
#Y#...# #@#.#.##.#
.# #5#.#..#.#..#
#........#..#
#+#####.#.......#
........###...>.##
........%.....#..
...........##.#.#
......####.##.#.#
......
#...[....#####.


You could see Grinder and an ice beast.

Vanquished Creatures
  A gnoll (D:1)
  5 adders
  A dart slug (D:1)
  A ribbon worm (D:2)
  5 ball pythons
  5 bats
  5 endoplasms
  A giant cockroach (D:1)
  6 goblins
  11 hobgoblins
  4 jackals (D:1)
  2 quokkas
  4 frilled lizards
  8 kobolds
  5 rats
64 creatures vanquished.

Notes
Turn   | Place    | Note
-------+----------+-------------------------------------------
     0 | D:1      | qw the Djinni Hunter began the quest for the Orb.
     0 | D:1      | Reached XP level 1. HP: 18/18 MP: 0/0
     0 | D:1      | 0 ||| qw: Version: 0.3-a-132-g3d54051
     0 | D:1      | 0 ||| qw: Game counter: 621
     0 | D:1      | 0 ||| qw: Melee chars always use a shield: true
     0 | D:1      | 0 ||| qw: God list: Okawaru
     0 | D:1      | 0 ||| qw: Allow faded altars: false
     0 | D:1      | 0 ||| qw: Do Orc after clearing Dungeon:15 true
     0 | D:1      | 0 ||| qw: Do second Lair branch before Depths: true
     0 | D:1      | 0 ||| qw: Lair rune preference: random
     0 | D:1      | 0 ||| qw: Goals: Normal
     0 | D:1      | 0 ||| PLANNING D:1-11
     2 | D:1      | Noticed a draconian
     2 | D:1      | Noticed a gargoyle
     4 | D:1      | Noticed an armataur
     6 | D:1      | Noticed a minotaur
     8 | D:1      | Noticed a felid
     8 | D:1      | Noticed a spriggan
    10 | D:1      | Noticed a demigod
    10 | D:1      | Noticed a vampire
    12 | D:1      | Noticed a naga
    12 | D:1      | Noticed a djinni
    14 | D:1      | Noticed a human
    14 | D:1      | Noticed an oni
    16 | D:1      | Noticed a ghoul
    16 | D:1      | Noticed an elf
    18 | D:1      | Noticed a tengu
    20 | D:1      | Noticed a formicid
    22 | D:1      | Noticed a troll
    22 | D:1      | Noticed a barachi
    24 | D:1      | Noticed an octopode
    24 | D:1      | Noticed a vine stalker
    26 | D:1      | Noticed a demonspawn
    26 | D:1      | Noticed a merfolk
    95 | D:1      | Reached XP level 2. HP: 20/23 MP: 0/0
   281 | D:1      | HP: 5/23 [gnoll/+0 whip (3)]
   284 | D:1      | Reached skill level 4 in Ranged Weapons
   284 | D:1      | Reached XP level 3. HP: 7/28 MP: 0/0
   284 | D:1      | Learned a level 1 spell: Freeze
   498 | D:1      | 498 ||| RETREEEEATING.
   917 | D:1      | Reached XP level 4. HP: 34/34 MP: 0/0
  1237 | D:1      | 1237 ||| UPGRADING to +0 pair of gloves.
  1242 | D:1      | 1242 ||| READING scroll labelled JOH VACITIRE.
  1242 | D:1      | 1242 ||| IDENTIFYING yellow potion
  1243 | D:1      | 1243 ||| READING scroll labelled FOKOYRY YBUU.
  1305 | D:1      | 1305 ||| READING scroll labelled USAOWE IMPOBLU.
  1305 | D:1      | 1305 ||| ENCHANTING +0 pair of gloves.
  1306 | D:1      | 1306 ||| READING scroll labelled ADAGEZY VUTE.
  1407 | D:1      | 1407 ||| READING scroll labelled JELLOA QAIGUCWA.
  1508 | D:1      | 1508 ||| READING scroll labelled MAXZEGH YDAY.
  1512 | D:1      | 1512 ||| DRINKING 2 fizzy ruby potions.
  1520 | D:1      | 1520 ||| DROPPING scroll of butterflies.
  1521 | D:1      | 1521 ||| DROPPING potion of ambrosia.
  1556 | D:2      | Reached skill level 3 in Fighting
  1558 | D:2      | 1558 ||| READING scroll of enchant armour.
  1558 | D:2      | 1558 ||| ENCHANTING +1 pair of gloves.
  1663 | D:2      | 1663 ||| FLEEEEING.
  1798 | D:2      | Reached skill level 3 in Dodging
  1894 | D:2      | Reached XP level 5. HP: 40/40 MP: 0/0
  1894 | D:2      | Learned a level 2 spell: Mercury Vapours
  2049 | D:2      | Found a snail-covered altar of Cheibriados.
  2306 | D:2      | 2306 ||| UPGRADING to +0 ring mail.
  2316 | D:2      | 2316 ||| DROPPING +0 leather armour.
  2317 | D:2      | 2317 ||| READING scroll of identify.
  2317 | D:2      | 2317 ||| IDENTIFYING orange potion
  2318 | D:2      | 2318 ||| READING scroll labelled ITOLYIRPHARHU.
  2319 | D:2      | 2319 ||| DRINKING 4 sedimented brown potions.
  2320 | D:2      | 2320 ||| DROPPING 3 potions of brilliance.
  2469 | D:3      | Noticed an ice beast
  2472 | D:3      | Noticed Grinder
  2473 | D:3      | Reached skill level 1 in Armour
  2477 | D:3      | 2477 ||| RETREEEEATING.
  2484 | D:3      | HP: 2/40 [ice beast (18)]
  2484 | D:3      | Slain by Grinder

Levels and vault maps discovered:
D:1:      kb_arrival_jail, layout_basic, serial_forest,
          infiniplex_forest_zigzag_2, infiniplex_forest_lined_3,
          infiniplex_forest_corner_2, infiniplex_forest_clump_large,
          infiniplex_forest_zigzag_1, st_stairs_11, serial_bayou_pond_b,
          grunt_decor_resistance, minmay_tetromino_s4
D:2:      minmay_angry_zag, layout_rooms, basic_altar,
          kennysheep_generic_room_5, uniq_crazy_yiuf_cottage, uniq_sigmund
D:3:      layout_basic, uniq_grinder

Skill      XL: |  1  2  3  4  5 |
---------------+----------------+-----
Ranged Weapons | 4 |  4.3
Fighting       | 3 |  3.0
Dodging        | 3 |  3.0
Armour         | 1 |  1.2
Stealth        | |  0.7

Action                     |  1- 3 |  4- 6 || total
---------------------------+-------+-------++-------
   Fire: Shortbow          |    94 |    95 ||   189
    Use: Scroll            |       |     9 ||     9
         Potion            |       |     2 ||     2
 Armour: Leather armour    |    23 |    25 ||    48
         Ring mail         |       |    10 ||    10
  Dodge: Dodged            |    17 |    44 ||    61

Table legend:
 A = Non-vault XP
 B = Vault XP
 C = Vault XP percentage of total XP
 D = Non-vault monster count
 E = Vault monster count
 F = Vault count percentage of total count
                 A         B        C        D         E       F
            +---------+---------+-------+---------+---------+-------
      Total |     151 |      29 |  16.1 |      47 |      17 |  26.6
            +---------+---------+-------+---------+---------+-------
        D:1 |      63 |      12 |  16.0 |      27 |       8 |  22.9
        D:2 |      58 |      17 |  22.7 |      16 |       9 |  36.0
        D:3 |      30 |       0 |   0.0 |       4 |       0 |   0.0
            +---------+---------+-------+---------+---------+-------
